 Dungeon Crawl Stone Soup version 0.23-a0-483-g32a748b514 (webtiles) character file.

166 Hebeqt the Cudgeler (level 5, -9/46 HPs)
             Began as a Minotaur Berserker on Nov 30, 2018.
             Was a Believer of Trog.
             Killed by nerve-wracking pain
             ... invoked by Grinder
              (13 damage)
             ... on level 3 of the Dungeon.
             The game lasted 00:06:30 (1968 turns).

Hebeqt the Cudgeler (Minotaur Berserker)            Turns: 1968, Time: 00:06:30

Health: -9/46      AC: 11    Str: 22    XL:     5   Next: 22%
Magic:  4/4        EV:  8    Int:  4    God:    Trog [**....]
Gold:   92         SH:  0    Dex: 10    Spells: 4/4 levels left

rFire    . . .     SeeInvis .   a - +0 mace
rCold    . . .     Gourm    .   (no shield)
rNeg     . . .     Faith    .   i - +0 chain mail
rPois    .         Spirit   .   (helmet restricted)
rElec    .         Reflect  .   e - +1 cloak
rCorr    .         Harm     .   (no gloves)
MR       .....                  (no boots)
Stlth    ..........             (no amulet)
HPRegen  0.15/turn              (no ring)
MPRegen  0.09/turn              (no ring)

@: berserk cooldown, slowed, very slow
A: retaliatory headbutt, horns 2
a: Berserk, Trog's Hand, Renounce Religion


You were on level 3 of the Dungeon.
You worshipped Trog.
Trog was pleased with you.
You were not hungry.

You visited 1 branch of the dungeon, and saw 3 of its levels.

You collected 92 gold pieces.

Inventory:

Hand Weapons
 a - a +0 mace (weapon)
Armour
 b - a +0 animal skin
 e - a +1 cloak (worn)
 i - a +0 chain mail (worn)
Jewellery
 d - a +2 ring of intelligence {unknown}
 f - an uncursed amulet of regeneration {unknown}
 p - a +3 ring of evasion {unknown}
Scrolls
 g - 7 scrolls of identify {unknown}
 h - 3 scrolls of enchant weapon {unknown}
 k - a scroll of remove curse {unknown}
 l - a scroll of magic mapping {unknown}
 m - a scroll of teleportation {unknown}
 n - a scroll of enchant armour {unknown}
 q - a scroll of fog {unknown}
Potions
 j - 3 potions of heal wounds {unknown}
 o - a potion of curing {unknown}
Comestibles
 c - 6 rations


   Skills:
 - Level 3.9 Fighting
 * Level 6.9 Maces & Flails
 - Level 2.5 Armour
 - Level 2.3 Dodging


You had 4 spell levels left.
You didn't know any spells.
Your spell library was empty.

Dungeon Overview and Level Annotations

Branches:
Dungeon (3/15)

Altars:
Okawaru

Annotations:
D:2 1 runed door
D:3 Grinder


Innate Abilities, Weirdness & Mutations

You reflexively headbutt those who attack you in melee.
You have a pair of horns on your head.


Message History

You are no longer berserk.
You are exhausted.
You feel yourself slow down.
You sock Grinder!
Grinder is heavily wounded.
Grinder gestures at you.
You barely resist. Grinder gestures at you. Pain shoots through your body!
* * * LOW HITPOINT WARNING * * *
You thump Grinder! You headbutt Grinder.
Grinder is almost dead.
Grinder gestures at you. You resist with significant effort.
Your chain mail prevents you from hitting Grinder.
Your headbutt misses Grinder.
Grinder is almost dead.
Grinder gestures at you. Pain shoots through your body!
You die...

###+##### #.......#
#.!.....# . #.......#
. .. #.......# .
...####.......# # #
#........#..###.#####
.
.............@5......
.
#........##.###.####.
#........##.# # #..#
#........##..
#..######.
.#........###.##
###.........
.........####..#
#...........
##.............#
#...........
.......†.......#
#...........
##..............
#...........


You could see Grinder.

Vanquished Creatures
  An orc priest (D:3)
  An iguana (D:2)
  An adder (D:2)
  2 oozes (D:1)
  3 dart slugs
  4 worms
  2 leopard geckos (D:1)
  3 orcs (D:3)
  4 ball pythons
  4 giant cockroaches
  8 goblins
  6 hobgoblins
  9 jackals
  3 kobolds
  2 quokkas (D:2)
  7 bats
  3 frilled lizards (D:2)
  4 rats
67 creatures vanquished.

Notes
Turn   | Place    | Note
-------+----------+-------------------------------------------
     0 | D:1      | Hebeqt the Minotaur Berserker began the quest for the Orb.
     0 | D:1      | Reached XP level 1. HP: 19/19 MP: 0/0
   177 | D:1      | Reached XP level 2. HP: 19/27 MP: 1/1
   267 | D:1      | Reached skill level 4 in Maces & Flails
   423 | D:1      | Reached XP level 3. HP: 23/33 MP: 2/2
   536 | D:1      | Reached skill level 5 in Maces & Flails
   806 | D:1      | Reached ** piety under Trog
   870 | D:2      | Found a runed door.
  1067 | D:2      | Reached XP level 4. HP: 37/40 MP: 3/3
  1082 | D:2      | Reached skill level 6 in Maces & Flails
  1334 | D:2      | Found an iron altar of Okawaru.
  1679 | D:3      | Reached XP level 5. HP: 46/46 MP: 4/4
  1948 | D:3      | Noticed Grinder
  1953 | D:3      | Paralysed by Grinder for 7 turns
  1968 | D:3      | Killed from afar by Grinder

Vault maps used:
D:1:      mainiacjoe_arrival_reflecting_pool, minmay_nonomino_d4
D:2:      overflow_temple_1_default, uniq_crazy_yiuf_cottage
D:3:      chequers_ecumenical_altar_grove, uniq_grinder

Skill      XL: |  1  2  3  4 |
---------------+-------------+-----
Maces & Flails | 4 5 6 |  6.9
Fighting       | |  3.9
Armour         | |  2.5
Dodging        | |  2.3

Action                   |  1- 3 |  4- 6 || total
-------------------------+-------+-------++-------
Melee: Mace              |    77 |    89 ||   166
       Headbutt          |    10 |    19 ||    29
Invok: Berserk           |       |     1 ||     1
  Eat: Chunk             |       |     1 ||     1
       Ration            |       |     1 ||     1
Armor: Animal skin       |     8 |       ||     8
       Chain mail        |    28 |    37 ||    65
Dodge: Dodged            |    38 |    31 ||    69

Table legend:
 A = Non-vault XP
 B = Vault XP
 C = Vault XP percentage of total XP
 D = Non-vault monster count
 E = Vault monster count
 F = Vault count percentage of total count
                 A         B        C        D         E       F
            +---------+---------+-------+---------+---------+-------
      Total |     228 |      10 |   4.2 |      62 |       5 |   7.5
            +---------+---------+-------+---------+---------+-------
        D:1 |      50 |      10 |  16.7 |      19 |       5 |  20.8
        D:2 |      97 |       0 |   0.0 |      24 |       0 |   0.0
        D:3 |      81 |       0 |   0.0 |      19 |       0 |   0.0
            +---------+---------+-------+---------+---------+-------
